 Dungeon Crawl Stone Soup version 0.17-b1-15-g0f5fb43 (webtiles) character file.

6187 patrick the Geomancer (level 10, -11/69 HPs)
             Began as a Demigod Earth Elementalist on Nov 8, 2015.
             Mangled by a hill giant
             ... wielding a +0 giant club
              (37 damage)
             ... on level 9 of the Dungeon.
             The game lasted 00:25:36 (9224 turns).

patrick the Geomancer (Demigod Earth Elementalist)  Turns: 9224, Time: 00:25:36

Health: -11/69     AC:  7    Str: 11    XL:     10   Next: 34%
Magic:  29/43      EV: 12    Int: 29    God:
Gold:   60         SH:  0    Dex: 19    Spells: 6 memorised, 4 levels left

rFire  + . .     SeeInvis +     a - +4 quarterstaff of Ruination {crush, rN+ Dex+3 SInv}
rCold  + . .     Clarity  .     p - +2 robe {rC+ rF+}
rNeg   + . .     SustAt   +     (shield currently unavailable)
rPois  .         Gourm    .     v - +1 helmet
rElec  .         Spirit   .     t - +0 cloak
rCorr  .         Warding  .     (no gloves)
rMut   .         Stasis   .     (no boots)
MR     +....                    (no amulet)
Stlth  ++........               x - ring of magical power
                                r - ring of Royalty {+Fly MP+9 Int+4}

@: somewhat resistant to hostile enchantments, unstealthy
A: high mp 1, sustain attributes
a: Evoke Flight


You were on level 9 of the Dungeon.
You were not hungry.

You visited 1 branch of the dungeon, and saw 9 of its levels.

You collected 397 gold pieces.
You spent 337 gold pieces at shops.

Inventory:

Hand Weapons
 a - the +4 quarterstaff of Ruination (weapon) {crush, rN+ Dex+3 SInv}
   (You found it on level 5 of the Dungeon)

   It inflicts extra damage upon your enemies.
   It affects your dexterity (+3).
   It protects you from negative energy.
   It lets you see invisible.
 c - a +4 short sword of speed
 F - the +1 scimitar of the Hero {holy, rPois rC- Int+4}
   (You bought it in a shop on level 9 of the Dungeon)

   It has been blessed by the Shining One to cause great damage to the undead
   and demons.
   It affects your intelligence (+4).
   It makes you vulnerable to cold.
   It protects you from poison.
Missiles
 b - 112 stones (quivered)
Armour
 p - a +2 robe of resistance (worn)
 t - a +0 cloak (worn)
 v - a +1 helmet (worn)
Rods
 y - a +0 lightning rod (11/11)
   (You found it on level 8 of the Dungeon)
Jewellery
 i - an uncursed ring of stealth
 q - a +3 ring of protection
 r - the ring of Royalty (left hand) {+Fly MP+9 Int+4}
   (You found it on level 5 of the Dungeon)

   [ring of flight]

   It affects your intelligence (+4).
   It affects your magic capacity (+9).
   It lets you fly.
 x - a ring of magical power (right hand)
 C - an uncursed ring of wizardry {unknown}
Wands
 g - a wand of lightning (4)
Scrolls
 d - 3 scrolls of remove curse
 f - a scroll of magic mapping
 h - a scroll of enchant armour
 m - a scroll of teleportation
 n - 6 scrolls of enchant weapon
Potions
 k - a potion of curing
 l - a potion of flight
 E - a potion of agility
Books
 e - a book of Geomancy

   Spells                             Type                      Level
   a - Sandblast                      Earth                        1
   b - Stoneskin                      Transmutation/Earth          2
   c - Passwall                       Transmutation/Earth          3
   d - Stone Arrow                    Conjuration/Earth            3
   e - Petrify                        Transmutation/Earth          4
   f - Lee's Rapid Deconstruction     Earth                        5
 o - a book of Transfigurations

   Spells                             Type                      Level
   a - Stoneskin                      Transmutation/Earth          2
   b - Irradiate                      Conjuration/Transmutation    5
   c - Statue Form                    Transmutation/Earth          6
   d - Hydra Form                     Transmutation                6
   e - Dragon Form                    Transmutation                7
Comestibles
 j - 3 meat rations
 u - 8 bread rations
 w - 2 beef jerkies
 z - 2 chunks of flesh
 B - 3 fruits


   Skills:
 - Level 1.7 Dodging
 - Level 1.7 Stealth
 + Level 7.6 Spellcasting
 + Level 5.3 Transmutations
 * Level 11.4 Earth Magic


You had 4 spell levels left.
You knew the following spells:

 Your Spells              Type           Power        Failure   Level  Hunger
a - Sandblast             Erth           ######       1%          1    None
b - Stoneskin             Trmt/Erth      ######..     1%          2    None
c - Stone Arrow           Conj/Erth      #####.       1%          3    None
d - Passwall              Trmt/Erth      ######....   1%          3    None
e - Lee's Rapid Deconstr  Erth           ######....   1%          5    ####...
f - Statue Form           Trmt/Erth      ######...    28%         6    ######.


Dungeon Overview and Level Annotations

Branches:
Dungeon (9/15)             Temple (0/1) D:5
   Lair: D:8-11         Orc: D:9-12

Shops:
D:4 %   D:7 [(   D:9 (


Innate Abilities, Weirdness & Mutations

You have an increased reservoir of magic (+10% MP).
Your attributes are resistant to harm.


Message History

The blast of rock fragments hits you!
You hear a shout!
Casting: Lee's Rapid Deconstruction
Confirm with . or Enter, or press ? or * to list all spells.
Aiming: Lee's Rapid Deconstruction
Press: ? - help, Dir - move target cursor That beam is likely to hit you.
Continue anyway?
The wall shatters!
The blast of rock fragments hits the hill giant.
The hill giant is severely wounded.
The blast of rock fragments hits you!
The hill giant hits you with a giant club!!
* * * LOW HITPOINT WARNING * * *
Read which item? (? for menu, Esc to quit)
Okay, then.
Drink which item? (? for menu, Esc to quit)
You feel much better.
The hill giant hits you with a giant club!!!
Ouch! That really hurt!
You die...

#...###.........#'#### #....
#...# #.........#...# #....
#...###.#'#######...# #....
#.......#...........# #....
#♣♣.≈♣..#......####+##...#....
♣P.♣♣###......'.....#...#....
♣P.P♣ ......>.#.....#...#....
♣P≈♣♣ ♣###.####.....#...#....
♣♣≈P♣♣ ♣♣<.C@.......#...+....
♣P♣♣♣?≈≈≈♣♣♣≈..###......#...#....
.≈≈≈≈.≈≈.≈≈≈..# #......#...#....
≈♣♣♣♣≈≈≈♣♣.≈♣#####.##'###...#....
♣♣≈≈♣♣♣♣♣......#........#....
♣≈≈≈♣ #+######...######.... ♣P≈♣♣
#...######..). ♣♣..
#........#.##) ♣.≈ ######...#.##)


You could see a hill giant.

Vanquished Creatures
  Erolcha (D:8)
  An ugly thing (D:9)
  Grinder (D:6)
  A two-headed ogre (D:8)
  A human (D:7)
  A hog (D:7)
  11 yaks
  A sky beast (D:8)
  An orc warrior (D:9)
  3 phantoms
  An ice beast (D:6)
  2 necrophages
  2 ogres
  A centaur (D:7)
  3 big kobolds
  3 giant frogs
  A wyvern skeleton (D:6)
  2 scorpions (D:6)
  A water moccasin skeleton (D:3)
  5 wights (D:7)
  2 crimson imps
  A centaur zombie (D:7)
  3 hounds
  A jelly (D:8)
  A giant frog skeleton (D:8)
  Ijyb (D:2)
  2 orc wizards
  2 orc priests
  2 iguanas
  5 worker ants
  A killer bee zombie (D:5)
  2 sheep (D:7)
  2 hound skeletons
  Robin (D:3)
  4 gnolls (D:3)
  8 adders
  2 shadow imps
  An ooze (D:4)
  2 adder zombies
  2 worms
  7 giant geckos
  25 orcs
  2 ball pythons
  6 giant cockroaches
  12 hobgoblins
  12 jackals
  7 quokkas
  12 bats
  A giant gecko zombie (D:8)
  4 giant newts
  29 goblins
  26 kobolds
  2 quokka skeletons
  13 rats
246 creatures vanquished.

Notes
Turn   | Place    | Note
--------------------------------------------------------------
     0 | D:1      | patrick the Demigod Earth Elementalist began the quest for the Orb.
     0 | D:1      | Reached XP level 1. HP: 14/14 MP: 5/5
   101 | D:1      | Reached skill level 3 in Earth Magic
   144 | D:1      | Reached XP level 2. HP: 18/20 MP: 0/7
   551 | D:1      | Learned a level 2 spell: Stoneskin
   756 | D:1      | Reached XP level 3. HP: 10/26 MP: 9/9
   958 | D:1      | Learned a level 3 spell: Stone Arrow
  1415 | D:2      | Found a blossoming altar of Fedhas.
  2068 | D:2      | Noticed Ijyb
  2079 | D:2      | Killed Ijyb
  2079 | D:2      | Reached skill level 4 in Earth Magic
  2079 | D:2      | Reached XP level 4. HP: 33/33 MP: 6/11
  2262 | D:2      | Found a shadowy altar of Dithmenos.
  2356 | D:2      | Found an opulent altar of Gozag.
  2984 | D:3      | Noticed Robin
  2995 | D:3      | Killed Robin
  2998 | D:3      | Reached XP level 5. HP: 33/38 MP: 1/12
  3270 | D:3      | Reached skill level 5 in Earth Magic
  3346 | D:3      | Learned a level 5 spell: Lee's Rapid Deconstruction
  3467 | D:3      | Found a faded altar to an unknown god.
  3631 | D:4      | Reached XP level 6. HP: 45/45 MP: 14/14
  3705 | D:4      | Found Files's Food Emporium.
  4056 | D:4      | Noticed an ogre
  4167 | D:4      | Killed an ogre
  4206 | D:5      | Entered Level 5 of the Dungeon
  4236 | D:5      | Found a bloodstained altar of Trog.
  4302 | D:5      | Got an ancient quarterstaff
  4305 | D:5      | Got a translucent golden ring
  4427 | D:5      | Identified the +4 quarterstaff of Ruination {crush, rN+ Dex+3 SInv} (You found it on level 5 of the Dungeon)
  4429 | D:5      | Identified the ring of Royalty {+Fly MP+9 Int+4} (You found it on level 5 of the Dungeon)
  4482 | D:5      | Reached skill level 6 in Earth Magic
  4549 | D:5      | Reached XP level 7. HP: 38/50 MP: 16/16
  4722 | D:5      | Found a shadowy altar of Dithmenos.
  4749 | D:5      | Found a staircase to the Ecumenical Temple.
  5036 | D:5      | Found a shattered altar of Ashenzari.
  5226 | D:5      | Learned a level 3 spell: Passwall
  5320 | D:6      | Noticed Grinder
  5328 | D:6      | Killed Grinder
  5328 | D:6      | Reached skill level 7 in Earth Magic
  5329 | D:6      | Reached skill level 5 in Spellcasting
  5457 | D:6      | Reached XP level 8. HP: 57/57 MP: 19/19
  5697 | D:6      | Reached skill level 8 in Earth Magic
  6017 | D:7      | Found a white marble altar of Elyvilon.
  6040 | D:7      | Reached skill level 1 in Transmutations
  6269 | D:7      | Found Nuolo's Weapon Emporium.
  6393 | D:7      | Found Muolezey's Armour Shoppe.
  6406 | D:7      | Bought a +0 cloak for 67 gold pieces
  6609 | D:7      | Reached skill level 9 in Earth Magic
  6625 | D:7      | Found a glowing golden altar of the Shining One.
  7415 | D:7      | Reached XP level 9. HP: 58/62 MP: 13/22
  7437 | D:7      | Learned a level 6 spell: Statue Form
  8027 | D:8      | Noticed Erolcha
  8060 | D:8      | Killed Erolcha
  8060 | D:8      | Reached skill level 10 in Earth Magic
  8121 | D:8      | Found an iron altar of Okawaru.
  8458 | D:9      | Noticed a cyan ugly thing
  8464 | D:9      | Killed a cyan ugly thing
  8686 | D:9      | Reached XP level 10. HP: 69/69 MP: 15/24
  8703 | D:9      | Reached skill level 11 in Earth Magic
  8705 | D:9      | Reached skill level 5 in Transmutations
  9144 | D:9      | Found Daamytw Nues's Antique Weapon Shop.
  9154 | D:9      | Bought a warped scimitar for 270 gold pieces
  9155 | D:9      | Identified the +1 scimitar of the Hero {holy, rPois rC- Int+4} (You bought it in a shop on level 9 of the Dungeon)
  9209 | D:9      | Noticed a hill giant
  9224 | D:9      | Mangled by a hill giant

Action                   |  1- 3 |  4- 6 |  7- 9 | 10-12 || total
-------------------------+-------+-------+-------+-------++-------
Melee: Short sword       |    71 |   135 |       |       ||   206
       Unarmed           |    12 |       |       |       ||    12
       Dagger            |     8 |       |       |       ||     8
       Quarterstaff      |       |    13 |   114 |       ||   127
 Cast: Sandblast         |    45 |    75 |    78 |    20 ||   218
       Stoneskin         |     2 |       |       |       ||     2
       Lee's Rapid Decon |       |       |    27 |    13 ||    40
  Use: Scroll            |       |    13 |     2 |     3 ||    18
       Potion            |       |     4 |     9 |     1 ||    14
 Stab: Sleeping          |     4 |     8 |     2 |       ||    14
  Eat: Chunk             |     4 |     7 |     3 |       ||    14
       Fruit             |       |       |     2 |       ||     2
       Beef jerky        |       |       |     2 |       ||     2
       Pizza             |       |       |     8 |       ||     8
       Meat ration       |       |       |     1 |       ||     1
